 Seeded DCSS version 0.27.0-1-g7a08968 (webtiles) character file.

Game seed: 17848141825139092340 (custom seed)

95 NeededCrab the Skirmisher (level 4, -2/49 HPs)
             Began as an Ogre Berserker on Oct 22, 2021.
             Was a Follower of Trog.
             Slain by Sigmund (6 damage)
             ... on level 2 of the Dungeon.
             The game lasted 00:03:54 (1771 turns).

NeededCrab the Skirmisher (Ogre Berserker)          Turns: 1771, Time: 00:03:54

Health: -2/49      AC:  3    Str: 21    XL:     4   Next: 65%
Magic:  4/4        EV: 10    Int:  8    God:    Trog [*.....]
Gold:   59         SH:  0    Dex:  9    Spells: 3/3 levels left

rFire    . . .     SeeInvis .   a - +0 mace
rCold    . . .     Faith    +   (no shield)
rNeg     . . .     Spirit   .   b - +0 animal skin
rPois    .         Reflect  .   (helmet restricted)
rElec    .         Harm     .   (no cloak)
rCorr    .         Rampage  .   (gloves unavailable)
Will     .....                  (boots unavailable)
Stlth    +.........             c - amulet of faith
HPRegen  0.16/turn              (no ring)
MPRegen  0.09/turn              (no ring)

@: on berserk cooldown, slowed, very slow
A: large, unfitting armour, tough skin 1
a: Renounce Religion, Berserk


You were on level 2 of the Dungeon.
You worshipped Trog.
Trog was aware of your devotion.
You visited 1 branch of the dungeon, and saw 2 of its levels.

You collected 59 gold pieces.

Inventory:

Hand Weapons
 a - a +0 mace (weapon)
Armour
 b - a +0 animal skin (worn)
Jewellery
 c - an amulet of faith (around neck)
Scrolls
 e - a scroll of immolation {unknown}
 i - a scroll of teleportation {unknown}
 j - a scroll of blinking {unknown}
Potions
 d - a potion of degeneration {unknown}
 f - a potion of berserk rage {unknown}
 g - a potion of lignification {unknown}
 h - 2 potions of attraction {unknown}


   Skills:
 + Level 4.9 Fighting
 * Level 3.8 Maces & Flails
 + Level 1.2 Armour
 - Level 2.8 Dodging


You had 3 spell levels left.
You didn't know any spells.
Your spell library was empty.

Dungeon Overview and Level Annotations

Branches:
Dungeon (2/15)

Altars:

Annotations:
D:2 Sigmund


Innate Abilities, Weirdness & Mutations

You are too large for most types of armour.
You have tough skin. (AC +1)


Message History

You start resting.
Sigmund is nearby!
A red film seems to cover your vision as you go berserk!
You feel yourself moving faster!
You feel mighty!
You feel a strong urge to attack something.
You closely miss Sigmund.
Sigmund laughs darkly.
Sigmund hits you with a +0 scythe!
You sock Sigmund!
Sigmund is moderately wounded.
Sigmund barely misses you.
You closely miss Sigmund.
Sigmund is moderately wounded.
Sigmund mumbles some strange words.
Sigmund flickers and vanishes!
Deactivating autopickup; reactivate with Ctrl-A.
No target in view!
No target in view!
No target in view!
You barely miss something. You barely miss something. Something hits you.
You closely miss something. Something hits you!
You sock something! Something hits you.
You barely miss something. Something hits you.
You barely miss something.
You hear some strange, mumbled words.
You are confused.
You barely miss something.
You are no longer berserk.
You are exhausted.
You feel yourself slow down. Something hits you!
Something hits you but does no damage. Something hits you.
* * * LOW HITPOINT WARNING * * *
Something hits you.
* * * LOW HITPOINT WARNING * * *
You feel less confused. Something hits you!
* * * LOW HITPOINT WARNING * * *
Something hits you.
You die...

#.........##.............
##.........##.............
...........##....####.....
.........[)####..####.....
............###..........#
.....####................#
.....####.......>.........
........................."
...##.).........@.........
....+.......####..........
'####.......# #..........
.........#†#####.######...
.................... ..
....................
....................
#...................
#..^.<..............


There were no monsters in sight!

Vanquished Creatures
  Natasha (thrice) (D:2)
  A worm (D:2)
  2 ball pythons (D:1)
  2 endoplasms
  A giant cockroach (D:1)
  3 goblins
  A hobgoblin (D:1)
  2 quokkas (D:1)
  A frilled lizard (D:1)
  3 kobolds (D:1)
  A rat (D:1)
20 creatures vanquished.

Notes
Turn   | Place    | Note
-------+----------+-------------------------------------------
     0 | D:1      | NeededCrab the Ogre Berserker began the quest for the Orb.
     0 | D:1      | Reached XP level 1. HP: 24/24 MP: 1/1
   381 | D:1      | Reached XP level 2. HP: 23/32 MP: 2/2
  1255 | D:2      | Noticed Natasha
  1272 | D:2      | Noticed a crimson imp
  1273 | D:2      | Killed Natasha
  1274 | D:2      | Reached XP level 3. HP: 32/40 MP: 3/3
  1390 | D:2      | Noticed Natasha
  1403 | D:2      | Killed Natasha
  1404 | D:2      | Reached skill level 1 in Armour
  1404 | D:2      | Reached XP level 4. HP: 23/49 MP: 4/4
  1488 | D:2      | Noticed Natasha
  1510 | D:2      | Killed Natasha
  1743 | D:2      | Noticed Sigmund
  1771 | D:2      | Slain by Sigmund

Illustrated notes

Levels and vault maps discovered:
D:1:      onia_arrival_handbag, layout_basic
D:2:      layout_basic, hellmonk_ecumenical_altar_watching_god, st_stairs_11,
          minmay_misc_feat_four_crosses, uniq_sigmund, uniq_natasha

Skill      XL: |  1  2  3 |
---------------+----------+-----
Maces & Flails | 3 |  3.8
Armour         | 1 |  1.2
Fighting       | |  4.9
Dodging        | |  2.8

Action                   |  1- 3 |  4- 6 || total
-------------------------+-------+-------++-------
Melee: Mace              |    72 |    28 ||   100
Invok: Berserk           |     1 |     1 ||     2
Armor: Animal skin       |    15 |     2 ||    17
Dodge: Dodged            |    37 |    10 ||    47
